 Dungeon Crawl Stone Soup version 0.13.1-36-g052d4d5 (console) character file.

3383 dontsmitemebro the Basher (level 9, -6/68 HPs)
             Began as a Centaur Healer on Mar 30, 2014.
             Was a Believer of Elyvilon.
             Mangled by a black mamba (16 damage)
             ... on Level 1 of the Lair of Beasts.
             The game lasted 00:28:18 (3386 turns).

dontsmitemebro the Basher (Centaur Healer)          Turns: 3386, Time: 00:28:18

HP  -6/68        AC 15     Str 16      XL: 9   Next: 58%
MP  19/19        EV  7     Int 14      God: Elyvilon [**....]
Gold 304         SH 17     Dex  9      Spells:  0 memorised,  8 levels left

Res.Fire  : + . .   See Invis. : .   f - +1,+4 mace (protect)
Res.Cold  : + . .   Warding    : .   a - +1 robe (curse)
Life Prot.: . . .   Conserve   : .   O - +0 shield
Res.Poison: +       Res.Corr.  : .   (no helmet)
Res.Elec. : +       Clarity    : .   p - +1 cloak of a wizard's laboratory {+Fly rElec}
Sust.Abil.: . .     Spirit.Shd : .   h - +2 pair of gloves
Res.Mut.  : .       Stasis     : .   (no barding)
Res.Rott. : .       Flight     : .   (no amulet)
Saprovore : . . .                    I - +6,+3 ring of slaying {unknown}
                                     F - +1 ring of dexterity

@: very quick, slightly resistant to hostile enchantments, very unstealthy
A: hooves 3, deformed body, herbivore 1, speed 2, fast metabolism 1, tough skin
3
a: Lesser Healing, Lesser Self-Healing, Divine Protection, Purification,
Renounce Religion, Evoke Flight


You were on level 1 of the Lair of Beasts.
You worshipped Elyvilon.
Elyvilon was pleased with you.
You were not hungry.

You visited 2 branches of the dungeon, and saw 9 of its levels.

You collected 204 gold pieces.

Inventory:

Hand weapons
 f - a +1,+4 mace of protection (weapon)
 r - a cursed +2,-1 elven short sword
 s - a +1,+2 scythe
 z - a -1,+1 orcish morningstar
 H - a +0,+0 bow
 N - a +1,+2 flail of crushing
Missiles
 o - 119 arrows
 y - 13 sling bullets
 G - 13 arrows of dispersal
Armour
 a - a cursed +1 robe (worn)
 h - a +2 pair of gloves (worn)
 p - the +1 cloak of a wizard's laboratory (worn) {+Fly rElec}
   (You found it on level 7 of the Dungeon)

   It insulates you from electricity.
   It lets you fly.
 v - a +2 scale mail of cold resistance
 O - a +0 shield (worn)
Magical devices
 D - a wand of digging (10) {unknown}
 J - a wand of flame (6)
Comestibles
 c - 3 chunks of hippogriff flesh
 d - 4 bread rations
 w - a meat ration
 A - 3 rotting chunks of orc flesh
 K - a slice of pizza
Scrolls
 e - a scroll of enchant armour {unknown}
 g - 3 scrolls of remove curse {unknown}
 i - a scroll of curse jewellery {unknown}
 j - 2 scrolls of enchant weapon II {unknown}
 k - a scroll of fog {unknown}
 m - a scroll of amnesia {unknown}
 n - 2 scrolls of teleportation
 x - a scroll of magic mapping {unknown}
 B - a scroll of blinking {unknown}
 M - a scroll of curse armour {unknown}
Jewellery
 u - an uncursed amulet of stasis
 F - a +1 ring of dexterity (left hand)
 I - a +6,+3 ring of slaying (right hand) {unknown}
Potions
 b - 3 potions of curing
 l - 2 potions of mutation
 q - a potion of resistance
 t - a potion of speed {unknown}
 E - a potion of slowing {unknown}


   Skills:
 - Level 2.0 Fighting
 + Level 9.9 Maces & Flails
 - Level 1.3 Dodging
 + Level 3.3 Shields
 + Level 8.1 Invocations


You had 8 spell levels left.
You didn't know any spells.

Dungeon Overview and Level Annotations

Branches:
Dungeon (8/27)               Lair (1/8) D:8
 Temple: D:4-7          Orc: D:6-11

Altars:
Fedhas

Annotations:
Lair:1 Harold


Innate Abilities, Weirdness & Mutations

You have hooves in place of feet.
Armour fits poorly on your strangely shaped body.
You digest meat inefficiently.
You cover ground very quickly.
You have a fast metabolism.
You have extremely tough skin (AC +3).


Message History

You sock the black mamba!
The black mamba is severely wounded.
The black mamba completely misses you. The black mamba bites you.
* * * LOW HITPOINT WARNING * * *
You hit the black mamba.
The black mamba is severely wounded.
The black mamba bites you but does no damage.
The black mamba barely misses you.
You closely miss the black mamba. Your kick misses the black mamba.
The black mamba is severely wounded.
The black mamba bites you.
* * * LOW HITPOINT WARNING * * *
The black mamba bites you but does no damage.
Your shield prevents you from hitting the black mamba.
The black mamba is severely wounded.
The black mamba barely misses you. The black mamba bites you.
* * * LOW HITPOINT WARNING * * *
The black mamba bites you!
You die...

###..#.#......##.#####
#....%....#%####...
#........##..# .. #
#.f#.#....#.## #.#...
#.##.#...%..# (.#....
#r##........# ..P...#
#.#####.#######.......
#.#####.## #.S....#
#....%...# #@f# .
#.####...#####.###..#
# #...#.##..#......
#..........!#
#.###...#####...#.#.
..................)P.
....................
..)..............###o
#####...##.##...#


You could see a black mamba.

Vanquished Creatures
  A hydra (Lair:1)
  Pikel (D:4)
  A black mamba (Lair:1)
  A hippogriff (Lair:1)
  A centaur (D:6)
  3 ogres
  Sigmund (D:3)
  A gnoll sergeant (D:7)
  A crocodile (Lair:1)
  A water moccasin (Lair:1)
  An agate snail (D:7)
  6 crimson imps
  4 orc priests
  A giant frog skeleton (D:6)
  4 orc wizards
  2 scorpions
  An iguana (D:8)
  3 worker ants
  An ogre skeleton (D:7)
  2 hound skeletons (D:5)
  A mummy (D:5)
  4 gnolls (D:7)
  A worm zombie (D:7)
  2 worms
  An adder skeleton (D:5)
  2 oozes
  21 orcs
  2 bat skeletons (D:6)
  A gnoll zombie (D:7)
  11 hobgoblins
  2 kobolds
  2 bats
  6 giant cockroaches
  A giant gecko skeleton (D:4)
  7 goblins
  A hobgoblin zombie (D:5)
  2 kobold zombies (D:5)
  An orc skeleton (D:6)
  A quokka skeleton (D:3)
  A rat skeleton (D:5)
107 creatures vanquished.

Vanquished Creatures (others)
  A giant gecko (D:1)
  2 orcs
  A bat (D:3)
  2 kobolds
  A rat (D:2)
7 creatures vanquished.

Grand Total: 114 creatures vanquished

Notes
Turn   | Place    | Note
--------------------------------------------------------------
     0 | D:1      | dontsmitemebro, the Centaur Healer, began the quest for the Orb.
     0 | D:1      | Reached XP level 1. HP: 17/17 MP: 2/2
   186 | D:1      | Reached skill level 1 in Maces & Flails
   238 | D:1      | Reached XP level 2. HP: 24/24 MP: 2/4
   283 | D:2      | Found a blossoming altar of Fedhas.
   653 | D:2      | Reached XP level 3. HP: 27/29 MP: 4/6
   758 | D:3      | Noticed Sigmund
   788 | D:3      | Killed Sigmund
   788 | D:3      | Reached XP level 4. HP: 30/37 MP: 6/6
   954 | D:4      | Noticed an ogre
  1117 | D:4      | Noticed a slave
  1119 | D:4      | Noticed a slave
  1119 | D:4      | Noticed Pikel
  1120 | D:4      | Noticed a slave
  1161 | D:5      | Entered Level 5 of the Dungeon
  1232 | D:5      | Noticed an ogre
  1250 | D:5      | Killed an ogre
  1250 | D:5      | Reached XP level 5. HP: 22/42 MP: 4/8
  1396 | D:4      | Reached skill level 5 in Maces & Flails
  1428 | D:4      | Noticed a slave
  1452 | D:4      | Killed Pikel
  1452 | D:4      | Reached skill level 7 in Maces & Flails
  1452 | D:4      | Reached XP level 6. HP: 49/49 MP: 10/10
  1452 | D:4      | Reached XP level 7. HP: 55/55 MP: 10/10
  1600 | D:5      | Noticed an ogre
  1612 | D:5      | Killed an ogre
  1697 | D:5      | Reached skill level 8 in Maces & Flails
  2185 | D:6      | Reached XP level 8. HP: 46/62 MP: 13/13
  2281 | D:6      | Reached skill level 5 in Invocations
  2654 | D:7      | Got a distressingly furry cloak
  2657 | D:7      | Identified the +1 cloak of a wizard's laboratory {+Fly rElec} (You found it on level 7 of the Dungeon)
  2958 | D:8      | Reached skill level 9 in Maces & Flails
  2996 | D:8      | Found a staircase to the Lair.
  3072 | D:7      | Reached skill level 1 in Shields
  3158 | Lair:1   | Entered Level 1 of the Lair of Beasts
  3158 | Lair:1   | Noticed Harold
  3158 | Lair:1   | Noticed a spiny frog
  3170 | Lair:1   | Noticed a black mamba
  3187 | Lair:1   | Killed a black mamba
  3187 | Lair:1   | Reached XP level 9. HP: 27/68 MP: 16/18
  3202 | Lair:1   | Noticed a five-headed hydra
  3224 | Lair:1   | HP: 3/68 [five-headed hydra (2)]
  3227 | Lair:1   | Killed a five-headed hydra
  3374 | Lair:1   | Noticed a black mamba
  3386 | Lair:1   | Mangled by a black mamba

Action                   |  1- 3 |  4- 6 |  7- 9 || total
-------------------------+-------+-------+-------++-------
Melee: Mace              |    43 |    59 |   280 ||   382
Invok: Lesser Healing    |    19 |     6 |    27 ||    52
       Lesser Self-Heali |       |     3 |     6 ||     9
  Use: Scroll            |       |     5 |     4 ||     9
       Potion            |       |     2 |     5 ||     7
